 Dungeon Sprint DCSS version 0.20.1-1-g8b1a95d (webtiles) character file.

546 suicidejoker the Unseen (level 7, -2/46 HPs)
             Began as an Octopode Assassin on Aug 24, 2017.
             Slain by a human (11 damage)
             ... in the Dungeon (Sprint III: "The Ten Rune Challenge").
             The game lasted 00:01:52 (476 turns).

suicidejoker the Unseen (Octopode Assassin)          Turns: 476, Time: 00:01:53

Health: -2/46      AC:  1    Str: 12    XL:     7   Next: 28%
Magic:  7/7        EV: 14    Int: 14    God:
Gold:   29         SH:  0    Dex: 13    Spells: 6/6 levels left

rFire    . . .     SeeInvis .   a - +2 dagger
rCold    . . .     Gourm    .   (no shield)
rNeg     . . .     Faith    .   (helmet restricted)
rPois    .         Spirit   .   (no amulet)
rElec    .         Reflect  .   (no ring)
rCorr    .         Harm     .   (no ring)
MR       .....     NoTele   +   (no ring)
Stlth    ++++++++..             (no ring)
Regen    0.2/turn               (no ring)
MPRegen  0.1/turn               (no ring)
                                (no ring)
                                (no ring)

@: no status effects
A: almost no armour, stealthy swim, amphibious, 8 rings, constrict 8, camouflage
1, gelatinous body 1
a: no special abilities


You were in the Dungeon.
You were not hungry.

You visited 1 branch You collected 29 gold pieces.

Inventory:

Hand Weapons
 a - a +2 dagger (weapon)
 b - a +0 blowgun
Missiles
 c - 8 poisoned needles
 d - 2 curare-tipped needles
Scrolls
 k - a scroll of blinking
 l - 4 scrolls of remove curse
 o - 2 scrolls of holy word {unknown}
 p - 3 scrolls of identify
Potions
 e - a potion of curing
 g - a potion of heal wounds
 h - a potion of haste
 i - 2 potions of magic
 m - a potion of might
 n - 5 potions of mutation {unknown}
 r - 3 potions of flight
Comestibles
 f - a bread ration
 q - a royal jelly
 s - 3 fruits


   Skills:
 + Level 3.5 Fighting
 * Level 6.9 Short Blades
 - Level 2.0 Throwing
 + Level 2.4 Dodging
 * Level 17.7 Stealth


You had 6 spell levels left.
You didn't know any spells.

Dungeon Overview and Level Annotations

Branches:
Dungeon (1/1)

Altars:
Elyvilon
Okawaru
Trog
Uskayaw
Zin
The Shining One
Beogh


Innate Abilities, Weirdness & Mutations

You cannot wear most types of armour.
You are very stealthy in the water. (Stealth+)
You are amphibious.
You can wear up to eight rings at the same time.
You can use your tentacles to constrict eight enemies at once.
Your skin changes colour to match your surroundings (Stealth+).
Your rubbery body absorbs attacks. (AC +1, EV +1)


Message History

The human is lightly wounded.
You constrict the human, but do no damage.
You constrict the human. You hit the human. Your squeeze misses the human.
The human is moderately wounded.
You constrict the human. x2; The human hits you.
The human hits you!
You hit the human. Your squeeze misses the human.
The human is moderately wounded.
You constrict the human. x2; The human hits you!
* * * LOW HITPOINT WARNING * * *
You hit the human.
The human is moderately wounded.
You constrict the human, but do no damage.
You constrict the human. The human barely misses you.
The human closely misses you.
You hit the human.
The human is moderately wounded.
You constrict the human, but do no damage.
You constrict the human. The human hits you!
You die...

▓▓▓▓ ▓▓▓ ...♣♣
♣.######### ....♣
♣♣.#___#___# ....♣♣♣
♣..#)..#pp)#
....≈.♣♣♣..###'#@###+##
...≈≈...♣♣.#..........#
..≈≈≈≈.♣...'.⌠........#
..≈≈≈)≈≈.♣.#...######+#
.≈≈≈≈≈≈....#.⌠.#
.≈≈≈≈≈.....#...#
.≈≈≈.......#+###
...........#
...........#


You could see 2 humans.

Vanquished Creatures
  A deep elf mage (D)
  A water elemental (D)
  Crazy Yiuf (D)
  Jessica (D)
  A human (D)
  An ooze (D)
  2 rats (D)
8 creatures vanquished.

Vanquished Creatures (others)
  2 draconian scorchers (D)
  6 hellions (D)
  2 yaktaurs (D)
  2 plants (D)
12 creatures vanquished.

Grand Total: 20 creatures vanquished

Notes
Turn   | Place    | Note
-------+----------+-------------------------------------------
     0 | D        | suicidejoker the Octopode Assassin began the quest for the Orb.
     0 | D        | Reached XP level 1. HP: 14/14 MP: 1/1
     5 | D        | Reached skill level 6 in Stealth
    12 | D        | Noticed Jessica
    15 | D        | Killed Jessica
    15 | D        | Reached skill level 9 in Stealth
    15 | D        | Reached XP level 2. HP: 19/19 MP: 2/2
    15 | D        | Reached XP level 3. HP: 24/24 MP: 3/3
    34 | D        | Noticed Crazy Yiuf
    45 | D        | Killed a yaktaur
    47 | D        | Reached skill level 10 in Stealth
   103 | D        | Killed a hellion
   104 | D        | Killed a hellion
   105 | D        | Killed a hellion
   106 | D        | Killed a hellion
   106 | D        | Killed a hellion
   141 | D        | Killed a hellion
   164 | D        | Killed a white draconian scorcher
   224 | D        | Killed Crazy Yiuf
   224 | D        | Reached skill level 11 in Stealth
   224 | D        | Reached XP level 4. HP: 21/30 MP: 4/4
   260 | D        | Killed a white draconian scorcher
   261 | D        | Noticed a water elemental
   264 | D        | HP: 1/30 [water elemental (18)]
   273 | D        | Killed a water elemental
   273 | D        | Reached skill level 12 in Stealth
   273 | D        | Reached XP level 5. HP: 19/35 MP: 5/5
   304 | D        | Killed a yaktaur
   456 | D        | Found a glowing silver altar of Zin.
   456 | D        | Found a glowing golden altar of the Shining One.
   456 | D        | Found a white marble altar of Elyvilon.
   457 | D        | Noticed a deep elf mage
   459 | D        | Killed a deep elf mage
   459 | D        | Reached skill level 17 in Stealth
   459 | D        | Reached XP level 6. HP: 42/42 MP: 6/6
   459 | D        | Reached XP level 7. HP: 46/46 MP: 7/7
   466 | D        | Found a roughly hewn altar of Beogh.
   466 | D        | Found an iron altar of Okawaru.
   466 | D        | Found a bloodstained altar of Trog.
   466 | D        | Found a hide-covered altar of Uskayaw.
   466 | D        | Noticed a human
   466 | D        | Noticed a human
   476 | D        | Slain by a human

Skill      XL: |  1  2  3  4  5 |
---------------+----------------+-----
Stealth        | 9 11 12 17 | 17.7
Short Blades   | 3 4 6 |  6.9
Fighting       | 3 |  3.5
Dodging        | 2 |  2.4
Throwing       | |  2.0

Action                   |  1- 3 |  4- 6 |  7- 9 || total
-------------------------+-------+-------+-------++-------
Melee: Dagger            |    22 |     9 |     9 ||    40
       Tentacles         |     4 |     1 |     2 ||     7
       Constrict         |     2 |       |     2 ||     4
  Use: Potion            |       |     2 |       ||     2
 Stab: Sleeping          |     3 |     1 |       ||     4
Dodge: Dodged            |     7 |     3 |     5 ||    15
